 Dungeon Crawl Stone Soup version 0.18-a0-1197-g8004e50 (webtiles) character file.

70 kae the Insei (level 4, -1/35 HPs)
             Began as a Draconian Transmuter on Jan 30, 2016.
             Was an Initiate of Qazlal.
             Slain by a hobgoblin
             ... wielding a +0 club
              (4 damage)
             ... on level 2 of the Dungeon.
             The game lasted 00:02:33 (2117 turns).

kae the Insei (Draconian Transmuter)                Turns: 2117, Time: 00:02:33

Health: -1/35      AC:  5    Str: 12    XL:     4   Next: 3%
Magic:  7/7        EV: 12    Int: 14    God:    Qazlal [......]
Gold:   129        SH:  0    Dex: 12    Spells: 1 memorised, 6 levels left

rFire  . . .     SeeInvis .       - Unarmed
rCold  . . .     Gourm    .     (armour unavailable)
rNeg   . . .     Faith    .     (no shield)
rPois  .         Spirit   .     (helmet restricted)
rElec  .         Dismiss  .     (no cloak)
rCorr  .         Reflect  .     (no gloves)
SustAt .         Harm     .     (boots currently unavailable)
MR     .....                    (no amulet)
Stlth  ++........               (no ring)
                                l - ring of stealth

@: appendage (expiring), not resistant to hostile enchantments, unstealthy
A: unfitting armour, talons 3, cold-blooded, AC +5
a: End Transformation, Renounce Religion


You were on level 2 of the Dungeon.
You worshipped Qazlal.
Qazlal was noncommittal.
You were not hungry.
You had grown temporary talons.
You visited 1 branch of the dungeon, and saw 3 of its levels.

You collected 129 gold pieces.

Inventory:

Missiles
 a - 27 arrows
 p - 10 poisoned arrows
Jewellery
 l - a ring of stealth (left hand)
Scrolls
 e - a scroll of blinking {unknown}
 f - 2 scrolls of remove curse {unknown}
 h - a scroll of teleportation {unknown}
 i - 2 scrolls of magic mapping {unknown}
 j - a scroll of enchant armour {unknown}
 k - a scroll of identify {unknown}
Potions
 d - a potion of haste {unknown}
 g - a potion of cancellation {unknown}
 m - a potion of agility {unknown}
 n - 2 potions of heal wounds {unknown}
 r - a potion of magic {unknown}
 s - a potion of mutation {unknown}
 t - a potion of flight {unknown}
Books
 b - a book of Changes

   Spells                             Type                      Level
   a - Beastly Appendage              Transmutation                1
   b - Sticks to Snakes               Transmutation                2
   c - Spider Form                    Transmutation/Poison         3
   d - Ice Form                       Ice/Transmutation            4
   e - Blade Hands                    Transmutation                5
Comestibles
 c - 5 bread rations
 o - a slice of pizza
 q - 2 meat rations
 u - 4 chunks of flesh


   Skills:
 - Level 1.1 Fighting
 - Level 1.7 Dodging
 + Level 4.9 Unarmed Combat
 - Level 2.0 Spellcasting
 - Level 2.0 Transmutations


You had 6 spell levels left.
You knew the following spells:

 Your Spells              Type           Power        Failure   Level  Hunger
a - Beastly Appendage     Trmt           #.....       12%         1    ##.....


Dungeon Overview and Level Annotations

Branches:
Dungeon (3/15)

Altars:
Qazlal
Vehumet

Annotations:
D:3 wargas's ghost, amateur HuFi


Innate Abilities, Weirdness & Mutations

Your plain brown scales are hard (AC +5).
Your body does not fit into most forms of armour.
You are cold-blooded and may be slowed by cold attacks.
You have claws for feet.


Message History

Wargas's ghost is severely damaged.
Wargas's ghost hits you.
Unknown command.
You barely miss wargas's ghost.
Wargas's ghost is severely damaged.
Wargas's ghost hits you.
Unknown command.
You hit wargas's ghost.
Wargas's ghost is severely damaged.
The hobgoblin barely misses you. Wargas's ghost hits you!
* * * LOW HITPOINT WARNING * * *
Unknown command.
The hobgoblin hits you but does no damage.
Wargas's ghost barely misses you.
You climb upwards.
The ghost fades into the shadows.
Wargas's ghost disappears!
There is a stone staircase leading down here.
You barely miss the hobgoblin.
You claw the hobgoblin, but do no damage.
The hobgoblin hits you with a club.
You die...

.....##.......# #........# #...
.....#.......######.#......###...
....##.......##.....#..........>.
...###.......##....##...........#
#### ##......................####
# ###.......##.....#.......##
####...............##......##
....รท#..........g..........#
...####.......#.@...#......# ##.#
##...........######### #.#
#..###......# #.# #>..........#
#.# #...##......#
#.#####...##......#
##.#...............##
..........###.......########
##..............###(.......#


You could see a hobgoblin.

Vanquished Creatures
  Jessica (D:3)
  5 bats
  3 giant cockroaches
  5 goblins
  5 hobgoblins
  7 jackals (D:3)
  4 giant newts
  5 kobolds
  6 rats
41 creatures vanquished.

Notes
Turn   | Place    | Note
--------------------------------------------------------------
     0 | D:1      | kae the Draconian Transmuter began the quest for the Orb.
     0 | D:1      | Reached XP level 1. HP: 16/16 MP: 3/3
   465 | D:1      | Reached XP level 2. HP: 21/23 MP: 5/5
  1027 | D:2      | Found a radiant altar of Vehumet.
  1064 | D:2      | Reached skill level 4 in Unarmed Combat
  1295 | D:3      | Reached XP level 3. HP: 20/28 MP: 6/6
  1392 | D:3      | Noticed wargas's ghost (amateur HuFi)
  1560 | D:3      | Noticed Jessica
  1747 | D:3      | Killed Jessica
  1922 | D:3      | Found a stormy altar of Qazlal.
  2020 | D:3      | Reached XP level 4. HP: 35/35 MP: 7/7
  2062 | D:3      | Became a worshipper of Qazlal Stormbringer
  2117 | D:2      | Slain by a hobgoblin

Vault maps used:
D:1:      matt_arrival_grand_opening
D:2:      lemuel_crystal_altar, st_stairs_13, serial_park_tiny_pond
D:3:      lemuel_coloured_pillars_altar, uniq_jessica

Action                   |  1- 3 |  4- 6 || total
-------------------------+-------+-------++-------
Melee: Unarmed           |   132 |    18 ||   150
 Cast: Beastly Appendage |     3 |     1 ||     4
 Stab: Sleeping          |     4 |       ||     4
       Distracted        |     1 |       ||     1
  Eat: Chunk             |     4 |       ||     4
